Map: Orbital Shipyard

Players

Pacomike

  • Race: Protoss Protoss
  • League: Master

Jason - Winner!

  • Race: Terran Terran
  • League: Grandmaster

VOD

Have the link to the VOD?

Description

Time

  • Played on: Jan. 10, 2016, 6:49 p.m.
  • Length: 10:18
Show
View Real Time Build Order
Export as new Build Order

Pacomike Protoss 

Build Orders: 1 Gate Expand, Oracle Opening, Phoenix Opening 

Get SALT Encoding   

  12  0:01  Probe (Chrono Boost)  
  13  0:11  Probe (Chrono Boost)  
  14  0:17  Pylon  
  14  0:23  Probe (Chrono Boost)  
  15  0:35  Probe (Chrono Boost)  
  16  0:36  Gateway  
  16  0:46  Probe (Chrono Boost)  
  16  0:47  Assimilator  
  17  0:56  Probe (Chrono Boost)  
  18  1:07  Probe (Chrono Boost)  
  19  1:19  Nexus  
  19  1:28  Cybernetics Core  
  19  1:33  Probe (Chrono Boost)  
  19  1:37  Assimilator  
  20  1:43  Probe (Chrono Boost)  
  21  1:48  Pylon  
  22  1:54  Probe (Chrono Boost)  
  22  2:04  Probe (Chrono Boost)  
  22  2:06  Adept (Chrono Boost)  
  25  2:16  Probe (Chrono Boost)  
  25  2:19  Stargate  
  26  2:28  Probe (Chrono Boost)  
  27  2:31  Warp Gate  
  27  2:33  Probe (Chrono Boost)  
  28  2:39  Probe (Chrono Boost)  
  28  2:43  Probe (Chrono Boost)  
  30  2:50  Mothership Core (Chrono Boost)  
  32  2:54  Probe (Chrono Boost)  
  33  3:04  Probe (Chrono Boost)  
  34  3:08  Probe (Chrono Boost)  
  35  3:13  Probe (Chrono Boost)  
  35  3:15  Oracle (Chrono Boost)  
  35  3:19  Probe  
  40  3:23  Probe  
  41  3:31  Probe  
  41  3:32  Nexus  
  41  3:33  Pylon  
  42  3:34  Probe  
  42  3:35  Pylon  
  43  3:43  Probe  
  45  3:48  Pylon  
  45  3:50  Assimilator  
  45  3:54  Phoenix (Chrono Boost), Assimilator  
  47  3:59  Robotics Facility  
  46  4:05  Gateway  
  46  4:06  Probe  
  46  4:07  Probe  
  48  4:16  Gateway  
  48  4:17  Probe  
  48  4:19  Probe  
  48  4:22  Phoenix (Chrono Boost)  
  52  4:32  Probe  
  52  4:37  Probe  
  53  4:44  Stalker  
  54  4:46  Phoenix (Chrono Boost)  
  54  4:52  Immortal  
  59  5:11  Adept x2  
  63  5:15  Probe  
  63  5:16  Probe x2  
  63  5:17  Gateway  
  66  5:27  Probe  
  64  5:29  Stalker  
  64  5:32  Adept x2  
  70  5:49  Pylon  
  70  5:51  Pylon  
  70  5:55  Pylon  
  70  5:59  Gateway, Pylon  
  70  6:06  Probe x2 (Chrono Boost), Pylon x2  
  70  6:07  Probe (Chrono Boost), Phoenix (Chrono Boost)  
  70  6:08  Observer  
  76  6:18  Probe x2 (Chrono Boost)  
  78  6:19  Probe (Chrono Boost)  
  79  6:28  Probe x2 (Chrono Boost)  
  79  6:29  Probe (Chrono Boost)  
  79  6:30  Observer  
  79  6:31  Phoenix  
  85  6:39  Probe x2 (Chrono Boost)  
  88  6:40  Probe (Chrono Boost)  
  88  6:43  Gateway, Robotics Bay  
  88  6:45  Forge  
  88  6:47  Gateway  
  88  6:50  Probe x2 (Chrono Boost)  
  88  6:51  Probe (Chrono Boost), Observer  
  92  6:56  Phoenix  
  92  7:00  Probe x2 (Chrono Boost), Assimilator  
  96  7:05  Assimilator  
  96  7:06  Adept x4  
  104  7:13  Pylon  
  104  7:14  Pylon  
  104  7:16  Pylon  
  104  7:20  Probe (Chrono Boost)  
  104  7:21  Phoenix  
  107  7:26  Pylon  
  107  7:45  Protoss Ground Weapons Level 1 (Chrono Boost)  
  107  7:47  Disruptor (Chrono Boost)  
  110  7:53  Nexus  
  110  7:54  Pylon  
  110  7:55  Pylon  
  110  7:57  Forge  
  110  8:00  Gateway, Pylon  
  110  8:01  Gateway, Pylon  
  110  8:02  Gateway  
  110  8:05  Pylon  
  110  8:10  Adept x2  
  110  8:11  Adept x5  
  124  8:22  Disruptor (Chrono Boost)  
  125  8:29  Twilight Council  
  125  8:30  Pylon  
  125  8:49  Probe  
  125  8:50  Probe, Disruptor  
  125  8:52  Assimilator  
  125  8:54  Pylon  
  130  8:56  Assimilator  
  130  8:58  Probe  
  130  9:01  Probe  
  132  9:12  Templar Archives  
  132  9:15  Stalker x5  
  142  9:19  Colossus  
  142  9:25  Adept x3  
  142  9:26  Adept  
  108  9:53  Adept  
  108  9:54  Adept x8  
  108  9:55  Adept  
Show
View Real Time Build Order
Export as new Build Order

Jason Terran - Winner!

Build Orders: Liberator Opening, MMM Bio 

Get SALT Encoding   

  12  0:01  SCV  
  13  0:13  SCV  
  14  0:18  Supply Depot  
  14  0:25  SCV  
  15  0:40  SCV  
  15  0:42  Barracks  
  16  0:46  Refinery  
  16  0:52  SCV  
  17  1:04  SCV  
  18  1:16  SCV  
  19  1:30  Orbital Command  
  19  1:31  Barracks Reactor  
  19  1:45  Command Center  
  19  1:57  SCV, Supply Depot  
  20  2:08  Marine x2  
  22  2:10  SCV  
  23  2:19  Refinery  
  23  2:22  SCV, Factory  
  24  2:27  Marine  
  24  2:28  Marine  
  26  2:34  SCV  
  27  2:46  SCV, Marine x2  
  30  2:58  SCV, Orbital Command  
  31  3:07  Marine  
  31  3:08  Marine  
  31  3:10  SCV  
  31  3:11  Starport  
  31  3:12  Factory Tech Lab  
  34  3:19  Engineering Bay  
  34  3:22  SCV  
  34  3:25  SCV  
  36  3:29  Supply Depot  
  36  3:34  SCV, Liberator  
  36  3:37  SCV, Cyclone  
  41  3:41  Marine  
  41  3:42  Marine  
  41  3:46  SCV  
  44  3:50  SCV  
  48  3:58  Missile Turret  
  48  3:59  SCV  
  48  4:01  Missile Turret  
  49  4:02  Marine  
  49  4:03  SCV  
  49  4:04  Marine  
  52  4:11  SCV  
  53  4:19  SCV  
  53  4:22  Supply Depot  
  54  4:28  SCV  
  54  4:30  Supply Depot  
  53  4:32  SCV  
  53  4:36  Marine  
  53  4:37  Supply Depot  
  53  4:40  SCV  
  53  4:41  Liberator  
  54  4:46  Supply Depot  
  54  4:58  Marine  
  54  4:59  Command Center, SCV, Cyclone  
  62  5:08  SCV, Marine  
  62  5:13  Refinery  
  64  5:16  Marine  
  64  5:24  Barracks  
  64  5:25  Marine  
  64  5:27  Barracks  
  62  5:31  Siege Tank  
  62  5:34  SCV, Marine  
  59  5:43  Marine  
  59  5:45  SCV  
  59  5:46  SCV  
  55  5:50  Starport Reactor  
  55  5:52  Marine  
  55  5:55  Missile Turret x2  
  56  5:57  SCV  
  56  5:58  SCV  
  56  6:01  Terran Infantry Weapons Level 1, Marine  
  56  6:03  Siege Tank  
  62  6:10  Marine  
  63  6:11  Orbital Command  
  63  6:12  SCV  
  63  6:14  Barracks Tech Lab  
  63  6:15  Barracks Tech Lab  
  63  6:17  SCV  
  65  6:19  Marine  
  65  6:21  Refinery  
  65  6:25  SCV, Barracks x2  
  66  6:28  Missile Turret, Medivac  
  66  6:31  SCV  
  70  6:33  Orbital Command  
  70  6:36  Marine  
  70  6:39  Marine x2  
  73  6:40  Combat Shields, Stimpack  
  73  6:44  Marine  
  73  6:45  SCV x2  
  75  6:52  Supply Depot  
  75  6:54  Marine  
  75  6:57  SCV x2  
  75  6:58  SCV  
  75  6:59  Marine  
  75  7:00  Marine  
  81  7:02  Marine  
  81  7:04  Supply Depot  
  81  7:06  Refinery, Siege Tank  
  85  7:09  SCV  
  85  7:10  SCV x2  
  85  7:13  Factory  
  89  7:19  Supply Depot x2, Marine  
  89  7:20  Marine  
  89  7:21  SCV  
  89  7:22  SCV, Barracks Reactor x2  
  92  7:23  SCV  
  92  7:27  Marine x2  
  95  7:34  SCV x2  
  95  7:35  SCV  
  95  7:36  Marine, Medivac  
  100  7:37  Marine  
  100  7:39  Medivac  
  100  7:42  Siege Tank  
  107  7:46  SCV x2  
  107  7:47  SCV  
  107  7:48  Refinery, Missile Turret  
  110  7:51  Missile Turret  
  110  7:53  Marine  
  110  7:58  SCV  
  112  7:59  Supply Depot, Marine x2  
  112  8:00  Marine  
  112  8:01  Marine  
  112  8:02  Supply Depot, Marine  
  112  8:03  Marine  
  112  8:05  Factory Tech Lab  
  118  8:06  Marine  
  118  8:10  Medivac x2  
  118  8:12  Marine  
  124  8:17  Marine  
  125  8:20  Siege Tank  
  125  8:21  Marine  
  125  8:25  Supply Depot  
  125  8:26  Supply Depot, Marine  
  127  8:27  Marine  
  127  8:28  Engineering Bay, Marine  
  127  8:29  Marine  
  127  8:30  Armory  
  130  8:35  Siege Tank, Marine  
  130  8:36  Marine x2  
  130  8:40  Supply Depot  
  136  8:43  Supply Depot  
  136  8:44  Concussive Shells, Marine  
  136  8:45  Marine  
  136  8:47  Marine x2  
  139  8:49  SCV x3  
  139  8:51  Medivac  
  139  8:52  Medivac  
  146  8:56  Marine  
  146  8:57  Marine  
  148  9:06  Marine  
  148  9:10  Marine  
  148  9:14  Marine x2  
  148  9:15  Command Center  
  148  9:16  Sensor Tower  
  151  9:17  Marine x2  
  151  9:21  Medivac, Marine x2  
  151  9:22  Medivac  
  151  9:24  Marine  
  159  9:28  Marine  
  161  9:32  Marine x2  
  161  9:35  Marine  
  161  9:36  Marine  
  165  9:38  Marine  
  165  9:43  Marine  
  167  9:50  Marine  
  155  9:53  Marine  
  155  9:54  Marine x2  
  155  9:55  Marine x2  
  155  9:56  Marine  
Tags
 
Add a new tag
Caveats
  • Supply blocks, unpowered buildings, or Contaminate may cause inaccurate times.
  • Supply counts are checked every 10 seconds.